 Dungeon Crawl Stone Soup version 0.19.0 (webtiles) character file.

641 Patate the Covert (level 7, -3/33 HPs)
             Began as a Spriggan Assassin on Nov 1, 2016.
             Shot with an arrow by a centaur (7 damage)
             ... on level 5 of the Dungeon.
             The game lasted 00:19:18 (4947 turns).

Patate the Covert (Spriggan Assassin)               Turns: 4947, Time: 00:19:18

Health: -3/33      AC:  7    Str:  6 (7)  XL:     7   Next: 26%
Magic:  8/8        EV: 17    Int: 15 (17) God:
Gold:   201        SH:  0    Dex: 18 (20) Spells: 0 memorised, 6 levels left

rFire  . . .     SeeInvis +     b - +0 blowgun
rCold  . . .     Gourm    .     c - +0 robe
rNeg   . . .     Faith    .     (shield restricted)
rPois  +         Spirit   .     (helmet restricted)
rElec  .         Reflect  .     d - +0 cloak
rCorr  .         Harm     .     (gloves unavailable)
MR     +....                    (boots unavailable)
Stlth  +++++.....               (no amulet)
                                p - +4 ring of protection
                                t - ring of poison resistance

@: brilliant, very quick
A: unfitting armour, see invisible, herbivore 3, speed 3, slow metabolism 2
a: no special abilities


You were on level 5 of the Dungeon.
You were hungry.

You visited 1 branch of the dungeon, and saw 5 of its levels.

You collected 201 gold pieces.

Inventory:

Hand Weapons
 a - a +3 dagger
 b - a +0 blowgun (weapon)
Missiles
 e - 18 poisoned needles (quivered)
 m - a curare-tipped needle
Armour
 c - a +0 robe (worn)
 d - a +0 cloak (worn)
Jewellery
 p - a +4 ring of protection (right hand)
 t - a ring of poison resistance (left hand)
Scrolls
 h - 2 scrolls of blinking
 i - 3 scrolls of remove curse
Potions
 f - 2 potions of mutation
 l - a potion of might
 n - a potion of invisibility
 q - a potion of agility
Comestibles
 g - 4 bread rations
 k - 3 fruits


   Skills:
 - Level 1.5 Fighting
 + Level 6.1 Short Blades
 - Level 2.0 Throwing
 - Level 1.5 Dodging
 - Level 10.7 Stealth


You had 6 spell levels left.
You didn't know any spells.

Dungeon Overview and Level Annotations

Branches:
Dungeon (5/15)
 Temple: D:4-7

Altars:

Annotations:
D:5 Dioneo's ghost, novice MiFi


Innate Abilities, Weirdness & Mutations

You are very small and have problems with some larger weapons.
You are too small for most types of armour.
You have supernaturally acute eyesight. (SInv)
You are a herbivore.
You cover ground extremely quickly.
You need consume almost no food.


Message History

Press: ? - help, Shift-Dir - straight line, f/p - centaur
Aim: a centaur, wielding a shortbow of freezing (almost dead, poisoned)
You shoot a poisoned needle. The poisoned needle hits the centaur.
The centaur looks even sicker.
The centaur is almost dead.
The centaur shoots an arrow.
The arrow closely misses you.
Firing (i - inventory. (,) - cycle):
e - 20 poisoned needles (quivered)
Press: ? - help, Shift-Dir - straight line, f/p - centaur
Aim: a centaur, wielding a shortbow of freezing (almost dead, poisoned)
You shoot a poisoned needle. The poisoned needle hits the centaur.
The centaur is almost dead.
The centaur shoots an arrow.
The arrow misses you.
Firing (i - inventory. (,) - cycle):
e - 19 poisoned needles (quivered)
Press: ? - help, Shift-Dir - straight line, f/p - centaur
Aim: a centaur, wielding a shortbow of freezing (severely wounded, poisoned)
You shoot a poisoned needle. The poisoned needle hits the centaur.
The centaur looks as sick as possible!
The centaur is severely wounded.
The centaur shoots an arrow.
The arrow hits you!
You die...

#.##.###.# ##+##
#.#... #........# .#
#<# ## ####.##### .#
#.# #.......# ##.##
#.#
#.#.###.#####...#####
#.#
#.#.................#
#.#
#.#####.####(...###.#
#.# #.#####.#
#....#....## #.#
#.......#
#.@.(....... ..#
######### #....#....#
###.......# ##.######
#.# #c# ######### #.#
........#######c#
#c##.c...(#


You could see a centaur.

Vanquished Creatures
  Sigmund (D:2)
  An ogre (D:3)
  A scorpion (D:4)
  An orc wizard (D:3)
  3 worker ants
  Robin (D:2)
  12 adders
  4 gnolls
  A worm (D:2)
  6 dart slugs
  4 leopard geckos
  4 orcs (D:3)
  3 ball pythons
  9 bats
  A giant cockroach (D:1)
  10 goblins
  13 hobgoblins
  A quokka (D:3)
  2 frilled lizards
  8 kobolds
  2 quokka skeletons (D:4)
  3 rats
91 creatures vanquished.

Notes
Turn   | Place    | Note
-------+----------+-------------------------------------------
     0 | D:1      | Patate the Spriggan Assassin began the quest for the Orb.
     0 | D:1      | Reached XP level 1. HP: 10/10 MP: 2/2
    65 | D:1      | Reached skill level 6 in Stealth
   388 | D:1      | Reached XP level 2. HP: 13/14 MP: 3/3
   905 | D:1      | Reached skill level 7 in Stealth
  1084 | D:2      | Reached XP level 3. HP: 11/18 MP: 4/4
  1446 | D:2      | Noticed Robin
  1737 | D:1      | Reached skill level 8 in Stealth
  1841 | D:2      | Reached XP level 4. HP: 22/22 MP: 5/5
  1951 | D:2      | Noticed Sigmund
  1953 | D:2      | Killed Sigmund
  1953 | D:2      | Reached skill level 10 in Stealth
  1953 | D:2      | Reached XP level 5. HP: 24/25 MP: 6/6
  2056 | D:2      | Killed Robin
  2403 | D:2      | Reached XP level 6. HP: 28/30 MP: 7/7
  3677 | D:4      | Reached skill level 5 in Short Blades
  3873 | D:3      | Reached XP level 7. HP: 25/33 MP: 8/8
  4508 | D:5      | Entered Level 5 of the Dungeon
  4508 | D:5      | Noticed Dioneo's ghost (novice MiFi)
  4947 | D:5      | Shot with an arrow by a centaur

Skill      XL: |  1  2  3  4  5  6  7 |
---------------+----------------------+-----
Stealth        | 6 7 8 10 | 10.7
Short Blades   | 5 6 |  6.1
Fighting       | |  1.5
Throwing       | |  2.0
Dodging        | |  1.5

Action                   |  1- 3 |  4- 6 |  7- 9 || total
-------------------------+-------+-------+-------++-------
Melee: Dagger            |   104 |   139 |    55 ||   298
 Fire: Blowgun           |    14 |    31 |    16 ||    61
  Use: Scroll            |     3 |     9 |       ||    12
       Potion            |     1 |     2 |     2 ||     5
 Stab: Sleeping          |     8 |    17 |     1 ||    26
  Eat: Fruit             |       |       |     1 ||     1
Armor: Robe              |    14 |    15 |     4 ||    33
Dodge: Dodged            |    67 |    88 |    43 ||   198
